AoeStats
← Dr_Sanz

African Clearing

510293002Analyzed
4v4 RM · 7h ago on Sep 30, 2026· 50m 12s· 8 players
Game mode
Random Map
Map size
Large (8 player)
Population
200
Speed
Normal
Resources
Standard
Victory
Conquest
Starting age
Dark Age
Ending age
Imperial Age
RankedLock teamsTeams togetherTeam positionsShared explorationLock speedFull tech treeHidden civsTurbo modeCheats
Victory
Defeat
🇹🇼 Danes · Taiwan
1325
+15
🇦🇷 Chinese · Argentina
1322
+15
🇮🇳 Mongols · India
1321
+15
1251
+17
🇹🇷 Mongols · Türkiye
1328
-18
🇪🇸 Huns · Spain
1292
-15
🇩🇪 Jurchens · Germany
1288
-15
🇸🇪 Turks · Sweden
1266
-14
WallyGoodberg
11:08 Loom
12:53 Feudal Age
18:19 Castle Age
17:15 Double-Bit Axe
18:13 Fishing Lines
19:01 Town Watch
22:00 Bow Saw
23:32 Gillnets
23:33 Horse Collar
27:21 Wheelbarrow
28:06 Stone Mining
30:01 Hand Cart
30:21 Scale Barding Armor
32:01 Chain Barding Armor
32:08 Gold Mining
35:11 Imperial Age
33:00 Bloodlines
32:50 Husbandry
33:25 Forging
33:27 Fortified Bastions
34:30 Gold Shaft Mining
34:30 Stone Shaft Mining
34:05 Husbandry
34:10 Heavy Plow
35:59 Iron Casting
35:19 Elite Iron Pagoda
36:29 Conscription
37:34 Ballistics
38:15 Chemistry
37:25 Masonry
36:56 Treadmill Crane
37:59 Plate Barding Armor
37:38 Fletching
41:41 Hoardings
42:10 Blast Furnace
42:40 Coinage
42:21 Guilds
44:10 Padded Archer Armor
44:44 Elite Skirmisher
45:19 Bodkin Arrow
45:40 Leather Archer Armor
45:50 Squires
45:35 Arson
46:11 Bracer
47:28 Ring Archer Armor
49:56 Thunderclap Bombs
Gustavus Adolphus
10:19 Loom
13:14 Feudal Age
20:53 Castle Age
20:32 Bloodlines
20:38 Scale Barding Armor
22:01 Husbandry
22:25 Chain Barding Armor
36:20 Padded Archer Armor
42:56 Wheelbarrow
48:04 Imperial Age
48:15 Double-Bit Axe
48:15 Horse Collar
49:16 Sipahi
48:48 Fletching
49:24 Bow Saw
49:12 Gold Mining
50:19 Conscription
Frosty
10:33 Loom
12:18 Feudal Age
13:33 Double-Bit Axe
13:30 Horse Collar
16:58 Forging
22:21 Castle Age
22:23 Bloodlines
22:09 Gold Mining
23:16 Husbandry
23:25 Scale Barding Armor
23:36 Bow Saw
24:43 Wheelbarrow
26:30 Heavy Plow
32:36 Iron Casting
37:08 Stone Mining
37:54 Gold Shaft Mining
41:12 Stone Shaft Mining
Dr_Sanz
4:43 Loom
12:57 Feudal Age
17:13 Castle Age
16:20 Bloodlines
16:58 Scale Barding Armor
19:44 Forging
22:21 Horse Collar
27:12 Double-Bit Axe
28:50 Town Watch
30:12 Wheelbarrow
31:13 Heavy Plow
31:04 Gold Mining
34:32 Hand Cart
39:13 Imperial Age
36:53 Marauders
37:52 Chain Barding Armor
38:08 Iron Casting
41:51 Husbandry
43:13 Plate Barding Armor
43:14 Iron Casting
43:44 Elite Tarkan
45:17 Bow Saw
popo770723
5:18 Loom
13:27 Feudal Age
21:21 Castle Age
21:34 Horse Collar
21:43 Double-Bit Axe
23:25 Heavy Plow
32:10 Arson
33:05 Squires
33:25 Gold Mining
33:52 Scale Mail Armor
34:35 Forging
34:39 Stone Mining
36:08 Wheelbarrow
36:17 Chain Mail Armor
37:54 Gold Shaft Mining
42:53 Imperial Age
41:17 Iron Casting
42:05 Hand Cart
42:01 Town Watch
42:05 Hamask
42:41 Fletching
42:53 Town Patrol
43:58 Conscription
44:38 Elite Jomsviking
45:21 Bodkin Arrow
46:28 Blast Furnace
46:14 Plate Mail Armor
江泽民胡锦涛习近平
6:03 Loom
12:37 Feudal Age
17:15 Castle Age
17:43 Double-Bit Axe
19:02 Bow Saw
21:19 Horse Collar
21:52 Stone Mining
27:24 Heavy Plow
27:31 Gold Mining
27:54 Forging
27:50 Scale Mail Armor
28:50 Gold Shaft Mining
29:00 Squires
28:46 Arson
30:15 Iron Casting
29:57 Chain Mail Armor
34:03 Imperial Age
32:02 Chieftains
32:12 Pikeman
35:46 Blast Furnace
35:17 Plate Mail Armor
34:16 Elite Varangian Guard
36:04 Crop Rotation
36:07 Conscription
36:03 Capped Ram
36:55 Siege Ram
41:18 Two-Man Saw
41:36 Siege Engineers
45:33 Ballistics
46:13 Chemistry
45:17 Bogsveigar
45:10 Fletching
45:20 Padded Archer Armor
47:21 Crossbowman
48:27 Arbalester
49:09 Bodkin Arrow
49:29 Leather Archer Armor
49:31 Masonry
Agua Mineral
3:05 Loom
11:42 Feudal Age
12:27 Double-Bit Axe
12:35 Gold Mining
17:02 Fletching
23:44 Forging
24:07 Horse Collar
28:12 Castle Age
28:16 Pikeman
28:21 Crossbowman
29:08 Thumb Ring
29:10 Bodkin Arrow
30:35 Town Watch
32:24 Heavy Plow
32:31 Squires
33:13 Bow Saw
33:31 Padded Archer Armor
36:22 Iron Casting
35:56 Arson
38:31 Wheelbarrow
40:58 Scale Mail Armor
42:55 Chain Mail Armor
45:51 Gold Shaft Mining
46:38 Town Patrol
50:17 Imperial Age
52:17 Imperial Age
52:29 Imperial Age
Broken Angel
4:40 Loom
12:32 Feudal Age
16:29 Castle Age
15:10 Double-Bit Axe
17:41 Bow Saw
19:50 Fletching
22:55 Bodkin Arrow
25:08 Gold Mining
26:14 Padded Archer Armor
27:17 Horse Collar
28:18 Bloodlines
28:08 Husbandry
29:06 Ballistics
30:11 Leather Archer Armor
31:06 Thumb Ring
37:04 Imperial Age
35:18 Husbandry
36:45 Masonry
36:49 Scale Barding Armor
36:10 Light Cavalry
37:37 Wheelbarrow
36:51 Town Watch
38:07 Conscription
38:59 Chemistry
39:21 Hand Cart
40:16 Bracer
41:21 Parthian Tactics
41:41 Murder Holes
42:23 Chain Barding Armor
44:33 Herbal Medicine
46:08 Siege Engineers
47:31 Town Patrol
47:33 Elite Mangudai
49:27 Forging
49:41 Hussar
Connection lost

Rejoining the realm…

Still unreachable

The connection could not be restored.

Session expired

The server has moved on; the page needs a fresh start.